[Event "Titled Tuesday Blitz November 9 2021"]
[White "Hansen, Eric"]
[Black "Kobalia, Mikhail"]
[WhiteFideId "2606771"]
[BlackFideId "4119150"]
[WhiteElo "2568"]
[BlackElo "2543"]
[Result "1-0"]
[Round "04"]
[TimeControl "180+1"]
[Date "2021.11.09"]
[WhiteClock "0:00:04"]
[BlackClock "0:00:01"]

1. e4 c6 2. Nc3 d5 3. Nf3 dxe4 4. Nxe4 Nf6 5. d3 Nbd7 6. Bf4 g6 7. Be2 Bg7 8. c3 O-O 9. O-O Nd5 10. Bd2 f5 11. Neg5 N7b6 12. c4 Nc7 13. Bc3 e5 14. Qc1 h6 15. Nh3 Re8 16. Re1 Na4 17. Kh1 Nxc3 18. bxc3 Ne6 19. Bf1 Qc7 20. d4 e4 21. Nd2 g5 22. c5 b6 23. cxb6 axb6 24. a4 Kh8 25. Nc4 b5 26. axb5 Rxa1 27. Qxa1 cxb5 28. Ne3 b4 29. Qa4 Bd7 30. Qxb4 Rb8 31. Qa3 Nf4 32. Nxf4 gxf4 33. Nd5 Qc6 34. Nxf4 Rc8 35. Re3 Ra8 36. Qb2 Qa4 37. Re1 Kh7 38. Kg1 Rc8 39. g3 Qc6 40. Re3 Ra8 41. h4 Qa4 42. Re1 Rc8 43. Qd2 Qa5 44. Ne2 Bb5 45. Qf4 Bxe2 46. Rxe2 Rxc3 47. Bh3 Rf3 48. Qd2 Qa1+ 49. Kg2 Qxd4 50. Qxd4 Bxd4 51. Rd2 Kg6 52. Rxd4 Rd3 53. Rxd3 1-0


[Site "https://www.chess.com"]

[Event "Titled Tuesday Blitz November 9 2021"]
[White "Ibrahimli, Murad"]
[Black "Erdogdu, Mert"]
[WhiteFideId "13410229"]
[BlackFideId "6301495"]
[WhiteElo "2109"]
[BlackElo "2485"]
[Result "1/2-1/2"]
[Round "04"]
[TimeControl "180+1"]
[Date "2021.11.09"]
[WhiteClock "0:00:12"]
[BlackClock "0:00:21"]

1. d4 d5 2. c4 e6 3. Nf3 c5 4. cxd5 exd5 5. Nc3 Nc6 6. g3 Nf6 7. Bg2 Be7 8. O-O O-O 9. dxc5 Bxc5 10. Bg5 d4 11. Bxf6 Qxf6 12. Nd5 Qd8 13. Nd2 Re8 14. Rc1 Bb6 15. Nf4 Bg4 16. h3 Bf5 17. Nc4 h6 18. a3 Rc8 19. b4 a6 20. Nxb6 Qxb6 21. Nd3 Be4 22. Bxe4 Rxe4 23. Nc5 Re7 24. Qd3 Rce8 25. Rc2 a5 26. Na4 Qd8 27. bxa5 Qxa5 28. Nc5 b6 29. Nb3 Qd5 30. Qc4 Qxc4 31. Rxc4 Na5 32. Nxa5 bxa5 33. Rxd4 Rxe2 34. Rd5 R2e5 35. Rfd1 h5 36. Kg2 g6 37. Kf3 Kg7 38. R1d4 Kf6 39. Rf4+ Kg7 40. Rd7 R8e7 41. Rxe7 Rxe7 42. Rc4 Re5 43. Kf4 f6 44. Rc7+ Kg8 45. g4 g5+ 46. Kf3 h4 47. Rb7 Kf8 48. a4 Rc5 49. Ra7 Rc3+ 50. Kg2 Rc5 51. Kf1 Rc3 52. Kg2 Rc5 53. f4 Kg8 54. Kf3 Rc3+ 55. Ke4 Rxh3 56. fxg5 fxg5 57. Rxa5 Kf7 58. Kf5 Rf3+ 59. Kxg5 h3 60. Ra7+ Ke6 61. Rh7 Ra3 62. Rh6+ Kf7 63. Kf5 Rxa4 64. Rxh3 Kg8 65. Kg5 Ra5+ 66. Kh4 Ra6 67. Re3 Rb6 68. Re5 Ra6 69. Kh5 Kg7 70. g5 Kg8 71. Re7 Ra8 72. Kh6 Rb8 73. Rg7+ Kh8 74. g6 Ra8 75. Rh7+ Kg8 76. Rd7 Kh8 77. Rh7+ Kg8 78. Rg7+ Kh8 79. Rh7+ 1/2-1/2


[Site "https://www.chess.com"]

[Event "Titled Tuesday Blitz November 9 2021"]
[White "Jobava, Baadur"]
[Black "Khanin, Semen"]
[WhiteFideId "13601520"]
[BlackFideId "4111990"]
[WhiteElo "2731"]
[BlackElo "2442"]
[Result "1-0"]
[Round "04"]
[TimeControl "180+1"]
[Date "2021.11.09"]
[WhiteClock "0:00:25"]
[BlackClock "0:00:01"]

1. e4 e5 2. d4 exd4 3. Nf3 Nc6 4. Nxd4 Nf6 5. Nxc6 bxc6 6. Bd3 d6 7. O-O Be7 8. Re1 O-O 9. Nd2 Rb8 10. h3 c5 11. b3 Nd7 12. Bb2 Bf6 13. Bxf6 Qxf6 14. Nc4 Ne5 15. Ne3 Be6 16. Rf1 g5 17. Be2 Rfe8 18. Qd2 Ng6 19. Bg4 h6 20. Rae1 Kg7 21. Qa5 Rb7 22. Qa6 Reb8 23. Bf5 Nf4 24. g3 Ng6 25. Kg2 Bxf5 26. Nxf5+ Kh7 27. Re3 Ne5 28. f4 Ng6 29. fxg5 Qxg5 30. Qe2 Ne5 31. Rf4 Rg8 32. Rh4 Rg6 33. Qa6 Rb4 34. Qxa7 Rd4 35. Qa5 Rd1 36. Qc3 Rf6 37. Rf4 Rg6 38. Rf1 Rxf1 39. Kxf1 Qh5 40. g4 Qg5 41. Qe1 h5 42. Qh4 Qf4+ 43. Ke2 Rg5 44. a4 Ng6 45. Qg3 hxg4 46. hxg4 Rxg4 47. Qxf4 Rxf4 48. a5 Ne5 49. Ne7 Rg4 50. a6 Rg2+ 51. Kd1 Rg1+ 52. Re1 Rg2 53. a7 1-0


[Site "https://www.chess.com"]

[Event "Titled Tuesday Blitz November 9 2021"]
[White "Kamsky, Gata"]
[Black "Shimelkov, Vasiliy"]
[WhiteFideId "2000024"]
[BlackFideId "13701630"]
[WhiteElo "2645"]
[BlackElo "2073"]
[Result "1-0"]
[Round "04"]
[TimeControl "180+1"]
[Date "2021.11.09"]
[WhiteClock "0:00:40"]
[BlackClock "0:00:26"]

1. e4 c6 2. d3 d5 3. Nf3 g6 4. e5 Bg7 5. d4 Bf5 6. c4 e6 7. Nc3 Ne7 8. h4 h5 9. Bg5 O-O 10. cxd5 cxd5 11. Bd3 Bxd3 12. Qxd3 Nbc6 13. O-O Qb6 14. Na4 Qa5 15. b3 Rfc8 16. Rfc1 b5 17. Nc5 Nf5 18. a3 b4 19. axb4 Qxb4 20. Ra4 Qb6 21. Nd7 Qb7 22. Nf6+ Kh8 23. g4 hxg4 24. Nxg4 Rab8 25. Ra3 Nb4 26. Qd1 Rxc1 27. Bxc1 Rc8 28. Bd2 Nd3 29. Qe2 Nc1 30. Qd1 Nd3 31. Kg2 Qe7 32. b4 Nxb4 33. Bg5 Qb7 34. h5 gxh5 35. Qh1 Kg8 36. Qxh5 Kf8 37. Nf6 Ke7 38. Nxd5+ Ke8 39. Nxb4 Qxb4 40. Rxa7 1-0


[Site "https://www.chess.com"]

[Event "Titled Tuesday Blitz November 9 2021"]
[White "Khusnutdinov, Rustam"]
[Black "Bakalchuk, Johnatan"]
[WhiteFideId "13701703"]
[BlackFideId "2810301"]
[WhiteElo "2571"]
[BlackElo "2486"]
[Result "1-0"]
[Round "04"]
[TimeControl "180+1"]
[Date "2021.11.09"]
[WhiteClock "0:00:22"]
[BlackClock "0:00:05"]

1. e4 c5 2. Nf3 g6 3. d4 cxd4 4. Qxd4 Nf6 5. Nc3 Nc6 6. Qa4 d6 7. e5 dxe5 8. Nxe5 Bd7 9. Nxd7 Nxd7 10. Be3 Bg7 11. Rd1 O-O 12. Be2 Nb6 13. Qh4 Qc8 14. O-O Bf6 15. Qg3 Be5 16. Bf4 Qc7 17. Bxe5 Qxe5 18. Bf3 Rac8 19. Qxe5 Nxe5 20. Bxb7 Rc5 21. Rfe1 Rb8 22. Bd5 e6 23. Bb3 Nec4 24. Ne4 Rc7 25. Bxc4 Rxc4 26. Rd2 Nd5 27. b3 Rc6 28. c4 Nb4 29. g4 Ra6 30. Ree2 h6 31. h4 Ra5 32. Kg2 Nc6 33. Kg3 f5 34. Nd6 e5 35. gxf5 Nd4 36. Re1 gxf5 37. f4 exf4+ 38. Kxf4 Nc6 39. Re6 Nb4 40. Rg2+ Kf8 41. Rxh6 Rb6 42. Rh8+ Ke7 43. Nxf5+ Kd7 44. Rg7+ Kc6 45. Rc8# 1-0


[Site "https://www.chess.com"]

[Event "Titled Tuesday Blitz November 9 2021"]
[White "Kollars, Dmitrij"]
[Black "Debashis, Das"]
[WhiteFideId "12909572"]
[BlackFideId "5024854"]
[WhiteElo "2584"]
[BlackElo "2470"]
[Result "1-0"]
[Round "04"]
[TimeControl "180+1"]
[Date "2021.11.09"]
[WhiteClock "0:01:31"]
[BlackClock "0:00:02"]

1. e4 e5 2. Nf3 Nc6 3. Bc4 Bc5 4. c3 Nf6 5. d3 d6 6. O-O a6 7. a4 Ba7 8. a5 h6 9. Be3 Bxe3 10. fxe3 O-O 11. Nbd2 Re8 12. Qe1 Be6 13. Bxe6 Rxe6 14. b4 Ne7 15. Nh4 Ng6 16. Nxg6 fxg6 17. c4 Kh7 18. Nb1 c6 19. Nc3 d5 20. exd5 cxd5 21. Na4 d4 22. e4 Nd7 23. Qg3 Qe7 24. c5 Rf6 25. Nb2 Nb8 26. Nc4 Nc6 27. Nb6 Rxf1+ 28. Rxf1 Rf8 29. Nd5 Rxf1+ 30. Kxf1 Qf7+ 31. Qf2 Qe8 32. Ke2 Kg8 33. Kd2 Qd7 34. h3 1-0


[Site "https://www.chess.com"]

[Event "Titled Tuesday Blitz November 9 2021"]
[White "Lazavik, Denis"]
[Black "Alavi, Sayed Javad"]
[WhiteFideId "13515110"]
[BlackFideId "12500607"]
[WhiteElo "2436"]
[BlackElo "2495"]
[Result "1-0"]
[Round "04"]
[TimeControl "180+1"]
[Date "2021.11.09"]
[WhiteClock "0:00:04"]
[BlackClock "0:00:04"]

1. d4 Nf6 2. c4 e6 3. Nf3 d5 4. g3 Bb4+ 5. Bd2 Be7 6. Bg2 O-O 7. Qc2 c6 8. h4 h6 9. Nc3 b6 10. Ne5 Nfd7 11. Nxd7 Nxd7 12. e4 dxc4 13. e5 Ba6 14. Qe4 Rc8 15. Qg4 Kh8 16. Qh5 Qe8 17. Bxh6 gxh6 18. Qxh6+ Kg8 19. Ne4 f6 20. Bh3 Qf7 21. Ng5 Bb4+ 22. Kd1 fxg5 23. Bxe6 Nxe5 24. Bxf7+ Rxf7 25. dxe5 Rd8+ 26. Kc1 Bd2+ 27. Kc2 c3 28. Qg6+ Kf8 29. Qh6+ Ke8 30. bxc3 g4 31. Qh8+ Ke7 32. Qxd8+ Kxd8 33. Kxd2 Rxf2+ 34. Ke3 Rf3+ 35. Kd2 Rf2+ 36. Kc1 Rf3 37. Rg1 Rxc3+ 38. Kb2 Rf3 39. Rad1+ Ke7 40. Rd2 Bc4 41. h5 Rf5 42. Rh2 Rxe5 43. h6 Bg8 44. h7 Rb5+ 45. Ka1 Bxh7 46. Rxh7+ Kd6 47. Rxa7 Kc5 48. Rc1+ Kd4 49. Rd7+ Ke3 50. Rxc6 Kf2 51. Rc3 Kg2 52. Rd2+ Kh3 53. a4 Rb4 54. Ra3 b5 55. a5 Rc4 56. a6 b4 57. a7 bxa3 58. a8=Q Rc1+ 59. Ka2 Rc2+ 60. Rxc2 Kxg3 61. Qg2+ Kf4 62. Rc4+ Ke5 63. Qe4+ 1-0


[Site "https://www.chess.com"]

[Event "Titled Tuesday Blitz November 9 2021"]
[White "Llorente Zaro, Alfonso"]
[Black "Hakobyan, Aram"]
[WhiteFideId "2254131"]
[BlackFideId "13306677"]
[WhiteElo "2480"]
[BlackElo "2557"]
[Result "1/2-1/2"]
[Round "04"]
[TimeControl "180+1"]
[Date "2021.11.09"]
[WhiteClock "0:00:08"]
[BlackClock "0:00:07"]

1. b3 e5 2. Bb2 Nc6 3. e3 d5 4. Bb5 Ne7 5. Bxe5 a6 6. Bxc6+ Nxc6 7. Bb2 Qg5 8. Qf3 Bd6 9. Nh3 Qg6 10. O-O Bg4 11. Nf4 Bxf3 12. Nxg6 hxg6 13. gxf3 Rxh2 14. f4 Rh7 15. Kg2 Kd7 16. Nc3 Ne7 17. Rh1 Rah8 18. Rxh7 Rxh7 19. Ne2 f6 20. c4 c5 21. d3 Ke6 22. Rd1 Rh5 23. Ng3 Rh8 24. cxd5+ Nxd5 25. Ne4 Be7 26. Ba3 b6 27. d4 f5 28. Ng3 cxd4 29. Bxe7 Nxe7 30. Rxd4 Rc8 31. Rd2 Nd5 32. Ne2 Nf6 33. Nd4+ Ke7 34. Nf3 Ne4 35. Re2 Ke6 36. Nd4+ Kf6 37. f3 Nc3 38. Rc2 Rc7 39. Kf2 Nd1+ 40. Ke2 Rxc2+ 41. Nxc2 Nc3+ 42. Kd3 Nxa2 43. Kc4 g5 44. fxg5+ Kxg5 45. b4 Kf6 46. f4 a5 47. bxa5 bxa5 48. Kb3 Nc1+ 49. Ka4 Ke6 50. Nd4+ Kf6 51. Kxa5 Nd3 52. Kb5 Nf2 53. Kc4 Ng4 54. Kd3 g6 55. Ke2 Kf7 56. Nf3 Nf6 57. Ne5+ Kg7 58. Kf3 Ne4 59. Nd3 Kf6 60. Ne5 Nd2+ 61. Ke2 Ne4 62. Nf3 Ke6 63. Nh4 Kf7 64. Nf3 Kf6 65. Kd3 Ng3 66. Nh4 Nh5 67. Kd4 Ng3 68. Kd3 Kf7 69. Nf3 Ne4 70. Ne5+ Kf6 71. Nf3 Nd6 72. Kd4 Nb5+ 73. Kd3 Nd6 74. Ng5 Ke7 75. e4 fxe4+ 76. Nxe4 Nf5 77. Ng5 Kf6 78. Nf3 Ng7 79. Nh4 Ne6 80. Nxg6 Kf5 81. Kc4 Kxg6 82. f5+ Kf6 83. fxe6 Kxe6 1/2-1/2


[Site "https://www.chess.com"]

[Event "Titled Tuesday Blitz November 9 2021"]
[White "Macovei, Andrei"]
[Black "Belous, Vladimir"]
[WhiteFideId "13904680"]
[BlackFideId "4174003"]
[WhiteElo "2389"]
[BlackElo "2510"]
[Result "1-0"]
[Round "04"]
[TimeControl "180+1"]
[Date "2021.11.09"]
[WhiteClock "0:00:14"]
[BlackClock "0:00:12"]

1. e4 c5 2. Nf3 Nc6 3. Bb5 g6 4. O-O Bg7 5. Nc3 d6 6. e5 Bd7 7. exd6 exd6 8. Re1+ Nge7 9. d3 O-O 10. Bf4 Bg4 11. h3 Bxf3 12. Qxf3 Nd4 13. Qd1 a6 14. Bc4 b5 15. Bb3 Rc8 16. Nd5 Nxd5 17. Bxd5 Qf6 18. Be3 Nf5 19. c3 Rfe8 20. Qd2 Re5 21. Bg5 Qxg5 22. Qxg5 Rxd5 23. Qd2 a5 24. Re4 Bf6 25. Rae1 Kg7 26. Qc2 b4 27. Rc4 Rb8 28. a3 h5 29. axb4 axb4 30. g3 b3 31. Qe2 Re5 32. Re4 Ra8 33. g4 hxg4 34. hxg4 Nh4 35. f4 Rxe4 36. Qxe4 Ra2 37. Re2 g5 38. fxg5 Bxg5 39. Qd5 Bf6 40. Qxb3 Ra1+ 41. Kf2 Rh1 42. Qd5 Rh2+ 43. Ke1 Rh1+ 44. Qxh1 1-0


[Site "https://www.chess.com"]

[Event "Titled Tuesday Blitz November 9 2021"]
[White "Maghsoodloo, Parham"]
[Black "Spata, German"]
[WhiteFideId "12539929"]
[BlackFideId "113026"]
[WhiteElo "2601"]
[BlackElo "2238"]
[Result "1-0"]
[Round "04"]
[TimeControl "180+1"]
[Date "2021.11.09"]
[WhiteClock "0:01:42"]
[BlackClock "0:00:10"]

1. e4 e6 2. d4 d5 3. exd5 exd5 4. Bd3 Nf6 5. Ne2 Bg4 6. O-O Be7 7. c3 c6 8. Qc2 Bh5 9. Nf4 Bg6 10. Nxg6 hxg6 11. Nd2 O-O 12. Nf3 Nbd7 13. Bf4 Nh5 14. Bd2 Re8 15. Rfe1 Nf8 16. Re2 Bd6 17. Rxe8 Qxe8 18. g3 Qd7 19. Ne5 Qc7 20. f4 c5 21. Be3 Nf6 22. Rd1 Rc8 23. dxc5 Bxc5 24. Bxc5 Qxc5+ 25. Qf2 Qa5 26. a3 N8d7 27. Nxd7 Nxd7 28. Qd4 Nf6 29. Re1 a6 30. Re7 b5 31. Qa7 Qa4 32. Rxf7 Qd1+ 33. Bf1 Nh5 34. Re7 Qd2 35. Qxa6 Rf8 36. Qxg6 1-0


[Site "https://www.chess.com"]

[Event "Titled Tuesday Blitz November 9 2021"]
[White "Makhnev, Denis"]
[Black "FarOut1364"]
[WhiteFideId "13707647"]
[WhiteElo "2537"]
[BlackElo "2773"]
[Result "1-0"]
[Round "04"]
[TimeControl "180+1"]
[Date "2021.11.09"]
[WhiteClock "0:00:41"]
[BlackClock "0:01:48"]

1. e4 e5 2. Nf3 Nc6 3. Bc4 Nf6 4. d3 h6 5. c3 d6 6. a4 g5 7. Nbd2 Bg7 8. Nf1 g4 9. N3d2 d5 10. exd5 Nxd5 11. Ne4 O-O 12. Bxh6 Bxh6 13. Bxd5 Bf5 14. Nfg3 Bd7 15. Nh5 Bg7 16. Qd2 Ne7 17. Qg5 Nf5 18. Nef6+ 1-0


[Site "https://www.chess.com"]

[Event "Titled Tuesday Blitz November 9 2021"]
[White "Martinez Alcantara, Jose Eduardo"]
[Black "Koellner, Ruben Gideon"]
[WhiteFideId "3805662"]
[BlackFideId "12993093"]
[WhiteElo "2690"]
[BlackElo "2586"]
[Result "1-0"]
[Round "04"]
[TimeControl "180+1"]
[Date "2021.11.09"]
[WhiteClock "0:01:28"]
[BlackClock "0:00:09"]

1. e4 d6 2. d4 Nf6 3. Bd3 e5 4. dxe5 dxe5 5. Nf3 Nbd7 6. Nbd2 c6 7. a4 Qc7 8. Nc4 a5 9. O-O Bc5 10. Nfd2 O-O 11. Nb3 Be7 12. Bd2 b6 13. Kh1 Ba6 14. Qe2 Bxc4 15. Bxc4 Nc5 16. Nxc5 Bxc5 17. f4 exf4 18. Bxf4 Qe7 19. Rae1 Rae8 20. Bd3 Bd4 21. e5 Bxb2 22. exf6 Qxe2 23. Rxe2 Bxf6 24. Bc7 Bd4 25. Rd2 Bc5 26. Bc4 Re7 27. Bd6 Bxd6 28. Rxd6 Rc8 29. h3 g6 30. Rb1 Rb7 31. Ba6 1-0


[Site "https://www.chess.com"]

[Event "Titled Tuesday Blitz November 9 2021"]
[White "Moroni, Luca Jr"]
[Black "Xiong, Jeffery"]
[WhiteFideId "865834"]
[BlackFideId "2047640"]
[WhiteElo "2491"]
[BlackElo "2699"]
[Result "0-1"]
[Round "04"]
[TimeControl "180+1"]
[Date "2021.11.09"]
[WhiteClock "0:00:01"]
[BlackClock "0:00:06"]

1. d4 Nf6 2. c4 c5 3. Nf3 cxd4 4. Nxd4 e6 5. Nc3 b6 6. e4 d6 7. Be2 Bb7 8. f3 a6 9. Be3 Be7 10. O-O Nbd7 11. Qd2 O-O 12. Rfd1 Qc7 13. Rac1 Rfc8 14. Bf1 Qd8 15. Qf2 Ne5 16. b3 h5 17. h3 Ng6 18. Nde2 Nd7 19. Nf4 Nxf4 20. Bxf4 Rc6 21. Qg3 h4 22. Qh2 Qf8 23. Rd2 Rd8 24. Rcd1 Ne5 25. a4 Rcc8 26. Kh1 Bf6 27. Ne2 Qe7 28. Qg1 Qc7 29. Be3 Nd7 30. Qf2 Nc5 31. Nc1 Be5 32. Qxh4 d5 33. exd5 exd5 34. cxd5 Re8 35. d6 Bxd6 36. Bxc5 Bxc5 37. Rd7 Qe5 38. Bc4 Re7 39. Rxe7 Bxe7 40. Qd4 Rd8 41. Qxd8+ Bxd8 42. Rxd8+ Kh7 43. Nd3 Qe7 44. Rd4 b5 45. axb5 axb5 46. Bxb5 Qe3 47. Rd7 Bxf3 48. gxf3 Qxf3+ 49. Kh2 Qe2+ 50. Kg3 Qe3+ 51. Kh2 Qd2+ 52. Kg3 Qg5+ 53. Kh2 Qxb5 54. Rxf7 Qxd3 55. Rf2 Qxb3 56. Rg2 Qb8+ 57. Kh1 Kh6 58. Rg4 Qb2 59. Kg1 Kh5 60. Kh1 Qc1+ 61. Kg2 Qd2+ 62. Kg3 Qc3+ 63. Kg2 Qc6+ 64. Kg3 Qd6+ 65. Kg2 Qd2+ 66. Kg3 Qb2 67. Rh4+ Kg5 68. Rg4+ Kf5 69. Rf4+ Ke5 70. Rg4 Kd5 71. Rg5+ Ke4 72. Rg4+ Ke3 73. Kh4 Qf2+ 74. Kh5 Qf5+ 75. Kh4 Qf6+ 76. Kg3 Qf2# 0-1


[Site "https://www.chess.com"]

[Event "Titled Tuesday Blitz November 9 2021"]
[White "Mustafayev, Farid"]
[Black "Holt, Conrad"]
[WhiteFideId "13408771"]
[BlackFideId "2034387"]
[WhiteElo "2091"]
[BlackElo "2586"]
[Result "1/2-1/2"]
[Round "04"]
[TimeControl "180+1"]
[Date "2021.11.09"]
[WhiteClock "0:00:08"]
[BlackClock "0:00:07"]

1. d4 d5 2. c4 c6 3. Nf3 Nf6 4. e3 Bf5 5. Nc3 e6 6. Bd3 Bxd3 7. Qxd3 Nbd7 8. O-O Bb4 9. Ne2 Ne4 10. cxd5 exd5 11. Qb3 Qb6 12. a3 Bd6 13. Qc2 O-O 14. b3 Rfe8 15. a4 Rac8 16. Ba3 Bxa3 17. Rxa3 c5 18. dxc5 Rxc5 19. Qb2 Rec8 20. Ned4 Qf6 21. Raa1 Nf8 22. Rac1 b6 23. Qa1 Ne6 24. h3 h6 25. Rxc5 Rxc5 26. Rc1 N6g5 27. Kf1 Nxf3 28. Nxf3 Qxa1 29. Rxa1 Rc2 30. a5 Rxf2+ 31. Kg1 Re2 32. axb6 axb6 33. Ra6 Rxe3 34. Rxb6 g5 35. Kh2 h5 36. Rb5 g4 37. hxg4 hxg4 38. Nd4 g3+ 39. Kh3 Nf2+ 40. Kh4 Re4+ 41. Kxg3 Nh1+ 42. Kh2 Rxd4 43. Kxh1 Kg7 44. b4 Kf6 45. Rb7 Ke6 46. Kg1 Rd2 47. b5 d4 48. Rb8 Rb2 49. Kf1 Kd5 50. b6 Ke4 51. b7 Kd3 52. g4 Kd2 53. g5 d3 54. Kf2 Rb5 55. Kf3 Kd1 56. Rd8 Rxb7 57. Rxd3+ Ke1 58. Rd5 Rb6 59. Kf4 Rb7 60. Ke5 Kf2 61. Rd6 Kf3 62. Rd4 Kg3 63. Kf6 Kf3 64. Rc4 Kg3 65. Re4 Kf3 66. Rh4 Kg3 67. Rh7 Kg4 68. Rg7 Rb6+ 69. Ke7 Kf5 70. Rxf7+ Kxg5 71. Rg7+ Kf5 72. Rf7+ Ke5 73. Rg7 Rb7+ 74. Kf8 Rb8+ 75. Ke7 Rb7+ 76. Kf8 Rb8+ 77. Ke7 Rb7+ 1/2-1/2


[Site "https://www.chess.com"]

[Event "Titled Tuesday Blitz November 9 2021"]
[White "Nagy, Gabor"]
[Black "Andreikin, Dmitry"]
[WhiteFideId "737119"]
[BlackFideId "4158814"]
[WhiteElo "2534"]
[BlackElo "2736"]
[Result "0-1"]
[Round "04"]
[TimeControl "180+1"]
[Date "2021.11.09"]
[WhiteClock "0:00:13"]
[BlackClock "0:00:47"]

1. d4 g6 2. e4 Bg7 3. Nf3 c6 4. Nc3 d5 5. h3 dxe4 6. Nxe4 Nf6 7. Bd3 Bf5 8. Nxf6+ Bxf6 9. O-O Bxd3 10. Qxd3 O-O 11. Bh6 Re8 12. Rad1 Qa5 13. a3 Nd7 14. Rfe1 Rad8 15. c4 b5 16. cxb5 Qxb5 17. b4 Nb6 18. Ne5 Bxe5 19. Rxe5 Qxd3 20. Rxd3 f6 21. Rc5 Nd7 22. Ra5 g5 23. h4 Ne5 24. Rg3 Rxd4 25. hxg5 Ng4 26. Kf1 Kf7 27. gxf6 Nxh6 28. Rh5 exf6 29. Re3 Ng4 30. Rxh7+ Kg6 31. Rxe8 Kxh7 32. Re7+ Kg6 33. Rxa7 Rd2 34. f3 Ne3+ 35. Ke1 Ra2 36. g4 Rxa3 37. Rc7 Nc2+ 38. Kf2 Nd4 39. f4 Rf3+ 40. Kg2 Rxf4 0-1


[Site "https://www.chess.com"]

[Event "Titled Tuesday Blitz November 9 2021"]
[White "Ostrovskiy, Aleksandr"]
[Black "Preotu, Razvan"]
[WhiteFideId "2034239"]
[BlackFideId "2613280"]
[WhiteElo "2340"]
[BlackElo "2407"]
[Result "1-0"]
[Round "04"]
[TimeControl "180+1"]
[Date "2021.11.09"]
[WhiteClock "0:00:15"]
[BlackClock "0:00:01"]

1. e4 c5 2. Nc3 d6 3. d4 cxd4 4. Qxd4 Nc6 5. Qd2 g6 6. b3 Bh6 7. f4 Nf6 8. Bb2 O-O 9. O-O-O e5 10. g3 Re8 11. Kb1 Bg4 12. Be2 exf4 13. Bxg4 Nxg4 14. gxf4 Qh4 15. Nd5 Bg7 16. Bxg7 Kxg7 17. Nc7 Qe7 18. Nxa8 Rxa8 19. Re1 a5 20. Nf3 a4 21. Rhg1 Nf6 22. e5 dxe5 23. fxe5 Nh5 24. Nd4 Nxd4 25. Qxd4 axb3 26. axb3 Kg8 27. Qd6 Qh4 28. e6 fxe6 29. Qxe6+ Kh8 30. Rgf1 Qxh2 31. Rf7 Qd2 32. Qe8+ 1-0


[Site "https://www.chess.com"]

[Event "Titled Tuesday Blitz November 9 2021"]
[White "Ozen, Deniz"]
[Black "Wanyama, Harold"]
[WhiteFideId "6349196"]
[BlackFideId "10000380"]
[WhiteElo "2326"]
[BlackElo "2335"]
[Result "1-0"]
[Round "04"]
[TimeControl "180+1"]
[Date "2021.11.09"]
[WhiteClock "0:00:39"]
[BlackClock "0:00:14"]

1. d4 d5 2. Nf3 c6 3. Bf4 Nf6 4. e3 e6 5. c4 Bd6 6. Bg3 Qc7 7. Nc3 Nbd7 8. Bd3 dxc4 9. Bxc4 e5 10. O-O O-O 11. dxe5 Nxe5 12. Nxe5 Bxe5 13. Bxe5 Qxe5 14. Qd4 Qxd4 15. exd4 Rd8 16. Rad1 b5 17. Bb3 b4 18. Na4 Ba6 19. Rfe1 Bb5 20. Nc5 a5 21. Nb7 Rd7 22. Nc5 Rc7 23. a4 bxa3 24. bxa3 a4 25. Ba2 Nd5 26. Bxd5 cxd5 27. f3 Bc4 28. Rb1 g6 29. Rb4 Rca7 30. Reb1 Kg7 31. h4 h5 32. Kf2 Re8 33. R1b2 Rae7 34. Rxa4 Re2+ 35. Rxe2 Rxe2+ 36. Kg1 Ra2 37. Ra7 Rd2 38. a4 Kf6 39. Nd7+ Kf5 40. Nb6 f6 41. Ra5 Kf4 42. Nxd5+ Kg3 43. Ne3 Rxd4 44. Rc5 Bd3 45. Rc3 Kxh4 46. Kh2 Kg5 47. a5 f5 48. Rc5 h4 49. Rd5 Rxd5 50. Nxd5 Bc4 51. Nc7 Kf4 52. a6 Bxa6 53. Nxa6 g5 54. Kh3 g4+ 55. fxg4 fxg4+ 56. Kxh4 1-0


[Site "https://www.chess.com"]

[Event "Titled Tuesday Blitz November 9 2021"]
[White "Pichot, Alan"]
[Black "Nakamura, Hikaru"]
[WhiteFideId "110973"]
[BlackFideId "2016192"]
[WhiteElo "2600"]
[BlackElo "2884"]
[Result "0-1"]
[Round "04"]
[TimeControl "180+1"]
[Date "2021.11.09"]
[WhiteClock "0:00:15"]
[BlackClock "0:00:22"]

1. e4 g6 2. d4 Bg7 3. Nc3 a6 4. Be3 b5 5. g4 Bb7 6. Bg2 d6 7. h4 h5 8. g5 e6 9. Nh3 Nd7 10. f4 Ne7 11. Qe2 Nb6 12. O-O Qd7 13. Rad1 d5 14. f5 exf5 15. e5 b4 16. Nb1 Nc6 17. Nf4 Nd8 18. Nd2 a5 19. Nb3 Ba6 20. Qf3 Bxf1 21. Qxf1 c6 22. Nc5 Qa7 23. b3 Nd7 24. Ncd3 Nf8 25. Nc5 Nfe6 26. Ncd3 Nxf4 27. Qxf4 Ne6 28. Qf2 Bf8 29. Nf4 Nxf4 30. Bxf4 Bg7 31. c4 bxc3 32. Rc1 O-O 33. Rxc3 Rfc8 34. Be3 Qb7 35. Qc2 Bf8 36. Bf3 Bb4 37. Rd3 Qe7 38. Kg2 Qe6 39. Rd1 Bf8 40. a4 Rab8 41. Rc1 Bb4 42. Qd3 Rb6 43. Bf2 Rcb8 44. Rc2 Kg7 45. Bd1 Rc8 46. Rc1 Be7 47. Be1 Ra8 48. Bf2 Rb7 49. Rc2 Rc7 50. Rc1 Rac8 51. Be1 Ra7 52. Bf3 Rb8 53. Bd2 Ba3 54. Ra1 Bb4 55. Bf4 Rab7 56. Bd1 c5 57. dxc5 Rc7 58. Rc1 Rxc5 59. Rxc5 Bxc5 60. Bf3 Rd8 61. Qb5 Qb6 62. Qxb6 Bxb6 63. Bd2 Rc8 64. Kf1 Kf8 65. Ke2 Ke7 66. Bxd5 Rc5 67. Bc4 Rxe5+ 68. Kf3 Re4 69. Bc3 Re3+ 0-1


[Site "https://www.chess.com"]

[Event "Titled Tuesday Blitz November 9 2021"]
[White "Pranav, V"]
[Black "Vestby-Ellingsen, Mads"]
[WhiteFideId "25060783"]
[BlackFideId "1520857"]
[WhiteElo "2351"]
[BlackElo "2232"]
[Result "1-0"]
[Round "04"]
[TimeControl "180+1"]
[Date "2021.11.09"]
[WhiteClock "0:00:21"]
[BlackClock "0:00:01"]

1. e4 e6 2. d4 d5 3. Nc3 h6 4. a3 Nc6 5. Nf3 Nf6 6. e5 Ne4 7. Bd3 Nxc3 8. bxc3 Be7 9. h3 Na5 10. h4 c5 11. h5 Bd7 12. Nd2 Ba4 13. Qg4 Kf8 14. Rh3 c4 15. Bg6 fxg6 16. Qxg6 Qd7 17. Nf1 Kg8 18. Ne3 Bg5 19. f4 Bxf4 20. Ng4 Qf7 21. Bxf4 Qxg6 22. hxg6 Bxc2 23. Rg3 Rf8 24. Nf6+ Rxf6 25. exf6 gxf6 26. Bc7 Nb3 27. Ra2 Bf5 28. Rf2 Kg7 29. Rgf3 Kxg6 30. g4 Bxg4 31. Rxf6+ Kg7 32. Be5 Rc8 33. Rf8+ Kg6 34. Rxc8 Kg5 35. Rg8+ Kh4 36. Rh2+ 1-0


[Site "https://www.chess.com"]

[Event "Titled Tuesday Blitz November 9 2021"]
[White "Sellitti, Federico"]
[Black "Terry, Renato"]
[WhiteFideId "821829"]
[BlackFideId "3803457"]
[WhiteElo "2588"]
[BlackElo "2577"]
[Result "0-1"]
[Round "04"]
[TimeControl "180+1"]
[Date "2021.11.09"]
[WhiteClock "0:00:19"]
[BlackClock "0:00:46"]

1. e4 e6 2. b3 d5 3. Bb2 Nf6 4. exd5 exd5 5. Qe2+ Kd7 6. Nf3 Bd6 7. d4 Qe7 8. Ne5+ Kd8 9. Nd2 a5 10. a4 Nc6 11. O-O-O Re8 12. f4 Bg4 13. Ndf3 Kc8 14. h3 Bf5 15. Qb5 Nb4 16. Bd3 Bxd3 17. Rxd3 c6 18. Rc3 Na2+ 0-1


[Site "https://www.chess.com"]

[Event "Titled Tuesday Blitz November 9 2021"]
[White "Sjugirov, Sanan"]
[Black "Aditya Mittal"]
[WhiteFideId "4189302"]
[BlackFideId "35042025"]
[WhiteElo "2653"]
[BlackElo "2245"]
[Result "1/2-1/2"]
[Round "04"]
[TimeControl "180+1"]
[Date "2021.11.09"]
[WhiteClock "0:01:42"]
[BlackClock "0:01:38"]

1. e4 c5 2. Nc3 d6 3. f4 Nc6 4. Nf3 g6 5. Bb5 Bg7 6. Bxc6+ bxc6 7. O-O Bg4 8. d3 Nf6 9. h3 Bxf3 10. Qxf3 O-O 11. Rb1 Rb8 12. b3 Qa5 13. Bd2 Nd7 14. e5 dxe5 15. Qxc6 exf4 16. Qxd7 Bxc3 17. Bxf4 Rbe8 18. Bh6 Bg7 19. Bxg7 Kxg7 20. Rbe1 Qc3 21. Rxe7 1/2-1/2


[Site "https://www.chess.com"]

[Event "Titled Tuesday Blitz November 9 2021"]
[White "Svane, Frederik"]
[Black "Cunha, Lucas Aguiar"]
[WhiteFideId "12923044"]
[BlackFideId "2125404"]
[WhiteElo "2459"]
[BlackElo "2361"]
[Result "0-1"]
[Round "04"]
[TimeControl "180+1"]
[Date "2021.11.09"]
[WhiteClock "0:00:08"]
[BlackClock "0:01:27"]

1. e4 c5 2. Nf3 e6 3. d4 cxd4 4. Nxd4 Nc6 5. Nc3 Qc7 6. Be3 a6 7. Qf3 Nf6 8. O-O-O Nxd4 9. Bxd4 e5 10. Qg3 d6 11. Be3 h6 12. Be2 Be6 13. Kb1 Rc8 14. Rd2 Qa5 15. Rd5 Bxd5 16. Nxd5 Nxd5 17. exd5 Qc7 18. Rc1 g6 19. c4 Bg7 20. c5 O-O 21. c6 Qb8 22. Rc2 bxc6 23. dxc6 d5 24. Bxa6 Rc7 25. Bb7 d4 26. Bc1 Rxb7 27. cxb7 Qxb7 28. f3 d3 29. Rd2 Rd8 30. Qe1 f5 31. Qg3 Qc6 32. Qh4 Rc8 33. Qe1 e4 34. b3 e3 35. Rb2 Qxc1+ 36. Qxc1 Rxc1+ 37. Kxc1 Bxb2+ 38. Kxb2 e2 0-1


[Site "https://www.chess.com"]